AoeStats
← Cuervo

African Clearing

506023239Analyzed
4v4 RM · 20d ago on Sep 12, 2026· 74m 31s· 8 players
Game mode
Random Map
Map size
Large (8 player)
Population
200
Speed
Normal
Resources
Standard
Victory
Conquest
Starting age
Dark Age
Ending age
Imperial Age
RankedLock teamsTeams togetherTeam positionsShared explorationLock speedFull tech treeHidden civsTurbo modeCheats
Victory
Defeat
🇲🇽 Muisca · Mexico
1085
+14
🇺🇸 Ethiopians · United States
1045
+15
1007
+17
🇦🇺 Britons · Australia
905
+21
🇨🇱 Italians · Chile
1118
-20
🇦🇷 Georgians · Argentina
1042
-17
🇦🇷 Vietnamese · Argentina
979
-15
🇦🇷 Mongols · Argentina
972
-15
TheRev9426
6:03 Loom
12:47 Feudal Age
17:01 Castle Age
16:06 Double-Bit Axe
19:56 Wheelbarrow
25:42 Bow Saw
26:21 Fletching
26:51 Padded Archer Armor
27:32 Bodkin Arrow
28:12 Leather Archer Armor
30:49 Ballistics
38:20 Gold Mining
40:03 Hand Cart
39:34 Town Watch
41:33 Sanctity
41:29 Fervor
42:34 Scale Mail Armor
42:45 Forging
45:35 Squires
50:54 Imperial Age
51:19 Chain Mail Armor
51:39 Iron Casting
51:52 Bracer
52:51 Block Printing
53:33 Gold Shaft Mining
52:47 Horse Collar
54:08 Two-Man Saw
52:58 Stone Mining
53:26 Elite Temple Guard
54:37 Plate Mail Armor
57:58 Illumination
58:10 Theocracy
58:14 Conscription
63:21 Coinage
63:11 Champi Runner
64:58 Banking
63:51 Champi Warrior
65:07 Elite Champi Warrior
65:48 Treadmill Crane
71:42 Redemption
74:27 Capped Ram
Pogi_Ender
5:10 Loom
13:33 Feudal Age
18:19 Castle Age
17:46 Stone Mining
24:04 Fletching
28:03 Bodkin Arrow
29:35 Squires
30:33 Double-Bit Axe
32:00 Forging
33:09 Wheelbarrow
34:19 Bow Saw
36:31 Crossbowman
37:42 Fortified Wall
37:45 Thumb Ring
41:34 Imperial Age
39:59 Ballistics
39:54 Padded Archer Armor
42:28 Hand Cart
43:00 Arbalester
46:53 Horse Collar
51:12 Chemistry
52:16 Conscription
53:08 Two-Man Saw
54:18 Bracer
54:34 Leather Archer Armor
55:58 Iron Casting
55:23 Scale Mail Armor
57:30 Gold Mining
58:16 Stone Shaft Mining
57:43 Heavy Plow
59:39 Town Watch
61:47 Gold Shaft Mining
62:21 Blast Furnace
61:37 Chain Mail Armor
61:55 Ring Archer Armor
60:53 Capped Ram
61:54 Siege Ram
63:06 Town Patrol
63:39 Arson
71:35 Torsion Engines
71:00 Elite Shotel Warrior
71:52 Siege Engineers
71:58 Masonry
71:47 Murder Holes
AFK or first to leave? EATMY ass
14:42 Feudal Age
18:41 Castle Age
30:48 Double-Bit Axe
32:00 Wheelbarrow
32:36 Scale Barding Armor
34:35 Hand Cart
38:22 Horse Collar
42:30 Chain Barding Armor
42:20 Forging
47:15 Imperial Age
44:47 Light Cavalry
45:30 Husbandry
45:40 Bloodlines
49:36 Cavalier
55:27 Paladin
58:18 Caravan
60:37 Plate Barding Armor
60:38 Iron Casting
59:47 Hussar
65:01 Blast Furnace
67:39 Conscription
69:36 Marauders
68:57 Elite Tarkan
71:30 Chemistry
70:50 Ballistics
73:20 Bow Saw
73:13 Heavy Plow
Fury
13:44 Feudal Age
17:07 Loom
19:57 Horse Collar
20:04 Double-Bit Axe
26:15 Castle Age
24:19 Gold Mining
26:09 Wheelbarrow
26:04 Fletching
26:38 Crossbowman
28:15 Bow Saw
28:08 Heavy Plow
28:47 Gold Shaft Mining
32:08 Padded Archer Armor
33:01 Bodkin Arrow
34:18 Leather Archer Armor
42:13 Hand Cart
44:57 Imperial Age
43:57 Masonry
43:28 Treadmill Crane
44:08 Ballistics
45:10 Yeomen
45:25 Arbalester
46:11 Bracer
46:41 Ring Archer Armor
47:22 Chemistry
46:53 Architecture
46:14 Heated Shot
47:04 Conscription
54:40 Stone Mining
55:19 Caravan
71:13 Elite Longbowman
73:20 Town Watch
75:02 Coinage
74:44 Siege Engineers
74:34 Murder Holes
74:30 Guard Tower
74:26 Arrowslits
74:46 Siphons
74:52 Clinker Construction
74:53 Fortified Wall
VZ | Thyrfing
7:34 Loom
16:24 Feudal Age
22:47 Castle Age
22:31 Double-Bit Axe
32:44 Fletching
32:57 Padded Archer Armor
41:31 Imperial Age
41:03 Wheelbarrow
41:55 Leather Archer Armor
41:36 Bodkin Arrow
43:57 Bracer
47:01 Hand Cart
47:20 Ring Archer Armor
49:22 Elite Skirmisher
50:54 Ballistics
51:34 Chemistry
50:44 Thumb Ring
Cuervo
5:48 Loom
8:20 Loom
15:34 Feudal Age
16:28 Double-Bit Axe
19:08 Castle Age
18:04 Fletching
18:15 Padded Archer Armor
18:22 Gold Mining
20:32 Bodkin Arrow
20:52 Bloodlines
20:46 Husbandry
31:15 Wheelbarrow
34:13 Stone Mining
40:07 Imperial Age
37:56 Leather Archer Armor
37:53 Forging
39:21 Hand Cart
38:32 Light Cavalry
41:04 Hussar
42:52 Pikeman
43:45 Halberdier
45:12 Bow Saw
45:37 Stone Shaft Mining
45:17 Scale Barding Armor
45:47 Iron Casting
45:13 Scale Mail Armor
47:02 Conscription
48:04 Squires
50:28 Blast Furnace
49:43 Chain Mail Armor
49:49 Chain Barding Armor
52:32 Elite Skirmisher
52:49 Heavy Scorpion
53:36 Imperial Skirmisher
54:53 Siege Engineers
55:48 Chemistry
55:09 Ballistics
55:30 Plate Barding Armor
55:26 Plate Mail Armor
58:04 Aznauri Cavalry
66:25 Town Watch
66:43 Bracer
69:59 Elite Monaspa
72:04 Hoardings
CasquetE
11:34 Loom
13:44 Feudal Age
17:12 Town Watch
24:02 Double-Bit Axe
27:02 Castle Age
28:21 Husbandry
28:58 Scale Barding Armor
29:38 Bloodlines
34:48 Wheelbarrow
37:30 Forging
37:41 Chain Barding Armor
42:42 Fletching
43:30 Iron Casting
43:23 Murder Holes
46:24 Imperial Age
44:32 Chatras
48:26 Elite Battle Elephant
50:11 Chemistry
49:36 Ballistics
52:34 Padded Archer Armor
52:30 Bodkin Arrow
53:01 Elite Skirmisher
53:47 Thumb Ring
53:44 Imperial Skirmisher
55:26 Paper Money
57:38 Bracer
59:25 Bow Saw
64:19 Leather Archer Armor
64:45 Plate Barding Armor
GenericSiren331
13:46 Feudal Age
15:47 Loom
21:13 Bloodlines
23:13 Castle Age
21:46 Horse Collar
22:19 Forging
22:17 Double-Bit Axe
23:57 Husbandry
24:56 Scale Barding Armor
31:46 Iron Casting
38:02 Scale Barding Armor
39:50 Chain Barding Armor
46:28 Heavy Plow
59:14 Thumb Ring
58:45 Elite Skirmisher
63:24 Ballistics
63:52 Gold Mining
68:44 Padded Archer Armor
68:35 Fletching
69:41 Leather Archer Armor
69:57 Bodkin Arrow
75:00 Imperial Age
73:18 Wheelbarrow
Connection lost

Rejoining the realm…

Still unreachable

The connection could not be restored.

Session expired

The server has moved on; the page needs a fresh start.